 Dungeon Crawl Stone Soup version 0.30-a0-1082-g70414cbcbb (webtiles) character file.

Game seed: 5739161912543426260

15609 Adrian566 the Covert (level 12, -5/91 HPs)
             Began as a Vampire Gladiator on Apr 15, 2023.
             Was an Initiate of Gozag.
             Slain by a very large slime creature (45 damage)
             ... on level 12 of the Dungeon.
             The game lasted 00:16:36 (12216 turns).

Adrian566 the Covert (Vampire Gladiator)           Turns: 12216, Time: 00:16:37

Health: -5/91      AC: 23    Str: 11    XL:     12   Next: 2%
Magic:  12/12      EV:  5    Int: 10    God:    Gozag
Gold:   1434       SH:  5    Dex: 21    Spells: 11/11 levels left

rFire   . . .      SeeInvis +    w - +7 scimitar (vamp)
rCold   . . .      Faith    .    (no shield)
rNeg    . . .      Spirit   .    q - +0 plate armour
rPois   .          Reflect  +    c - +1 helmet
rElec   .          Rampage  .    (no cloak)
rCorr   .                        (no gloves)
Will    +....                    k - +2 pair of boots
Stlth   ++                       u - amulet of reflection
HPRegen 0.55/turn                m - +4 ring of protection
MPRegen 0.13/turn                r - ring of flight

@: flying, healing quickly
A: alive, fangs 3, see invisible, vampiric 2, iridescent scales 1, mutation
resistance 1, weak 1
a: Exsanguinate, Renounce Religion, Potion Petition, Call Merchant, Bribe Branch


You were on level 12 of the Dungeon.
You worshipped Gozag.
Gozag was most pleased with you.
You visited 2 branches of the dungeon, and saw 13 of its levels.
You also visited: Bailey.

You collected 2764 gold pieces.
You spent 1234 gold pieces at shops.
You paid 96 gold pieces to Gozag.

Inventory:

Hand Weapons
 a - a +1 long sword
 i - the +11 falchion "Jyjof" {freeze, *Rage Fly rElec rN++}
   (You bought it in a shop on level 10 of the Dungeon)

   rElec:     It insulates you from electricity.
   rN:        It greatly protects you from negative energy.
   Fly:       It grants you flight.
   *Rage:     It berserks you when you make melee attacks (+20% chance).
 w - a +7 vampiric scimitar (weapon)
 I - a +0 great sword
Missiles
 d - 4 throwing nets
 e - 10 javelins
Armour
 b - a +0 leather armour
 c - a +1 helmet (worn)
 k - a +2 pair of boots (worn)
 q - a +0 plate armour (worn)
Jewellery
 m - a +4 ring of protection (left hand)
 r - a ring of flight (right hand)
 t - a ring of positive energy
 u - an amulet of reflection (around neck)
 A - a ring of resist corrosion
Wands
 h - a wand of iceblast (3)
 j - a wand of charming (3)
 n - a wand of flame (14) (quivered)
 x - a wand of quicksilver (8)
 F - a wand of polymorph (12)
Scrolls
 g - a scroll of blinking {unknown}
 o - a scroll of immolation {unknown}
 v - 3 scrolls of identify
 z - a scroll of enchant weapon
 C - 9 scrolls of teleportation
 D - 3 scrolls of torment
 G - 2 scrolls of summoning
 H - a scroll of enchant armour
Potions
 f - 2 potions of curing
 l - 2 potions of lignification
 p - 3 potions of haste
 s - a potion of mutation
 B - 4 potions of flight
 E - a potion of cancellation
Miscellaneous
 y - a phantom mirror (inert)


   Skills:
 + Level 7.6 Fighting
 + Level 13.1 Long Blades
 + Level 1.7 Throwing
 + Level 4.9 Armour
 + Level 7.3 Dodging
 * Level 13.7 Stealth
 + Level 2.6 Shields


You had 11 spell levels left.
You didn't know any spells.
Your spell library contained the following spells:

 Spells                   Type           Power      Damage    Failure   Level
 Apportation              Tloc           0%         N/A       100%        1
 Magic Dart               Conj           0%         1d3       100%        1
 Necrotise                Necr           0%         1d4       100%        1
 Shock                    Conj/Air       0%         1d3       100%        1
 Summon Small Mammal      Summ           0%         N/A       100%        1
 Searing Ray              Conj           0%         2d4       100%        2
 Call Canine Familiar     Summ           0%         N/A       100%        3
 Ozocubu's Armour         Ice            0%         N/A       100%        3
 Summon Guardian Golem    Hex/Summ       0%         N/A       100%        3
 Swiftness                Air            0%         N/A       100%        3
 Airstrike                Air            0%         2d(0-16)  100%        4
 Fulminant Prism          Conj/Hex       0%         3d5       100%        4
 Metabolic Englaciation   Hex/Ice        0%         N/A       100%        5
 Simulacrum               Ice/Necr       Unusable   N/A       N/A         6

Dungeon Overview and Level Annotations

Branches:
Dungeon (12/15)            Temple (1/1) D:5            Lair (0/5) D:9
    Orc (0/2) D:11         Bailey (visited)

Altars:
Ashenzari
Cheibriados
Dithmenos
Fedhas
Gozag
Hepliaklqana
Kikubaaqudgha
Makhleb
Nemelex Xobeh
Okawaru
Qazlal
Ru
Sif Muna
Trog
Uskayaw
Vehumet
Wu Jian
Xom
Yredelemnul

Shops:
D:10 *

Annotations:
D:7 2 transporters, Aneyh's ghost, novice TeFi


Innate Abilities, Weirdness & Mutations

Your natural rate of healing is accelerated.
You have razor-sharp teeth.
You have supernaturally acute eyesight. (SInv)
You are afflicted with vampirism and can become a bat while bloodless.
You are partially covered in iridescent scales. (AC +2)
You are somewhat resistant to further mutation.
You are weak. (Str -2)


Message History

The very large slime creature is heavily wounded.
You block the very large slime creature's attack.
The slime creature hits you!
The slime creature hits you but does no damage.
You hit the very large slime creature.
The very large slime creature is severely wounded.
The very large slime creature barely misses you.
The slime creature hits you but does no damage.
You block the slime creature's attack.
You hit the very large slime creature.
The very large slime creature is severely wounded.
You slash the very large slime creature!
You feel better.
The very large slime creature is severely wounded.
The very large slime creature hits you!!
You block the slime creature's attack. The slime creature hits you.
You slash the very large slime creature!
The very large slime creature is severely wounded.
The very large slime creature hits you but does no damage.
The slime creature hits you! The slime creature hits you.
You are too injured to fight recklessly!
You are too injured to fight recklessly!
Unknown command.
You hit the slime creature.
The slime creature is heavily wounded.
You block the very large slime creature's attack.
The slime creature hits you.
The slime creature completely misses you.
You slash the slime creature!
The slime creature is severely wounded.
The very large slime creature hits you but does no damage.
The slime creature hits you but does no damage.
You hit the slime creature.
The slime creature is severely wounded.
The slime creature hits you.
You hit the slime creature.
You feel better.
The slime creature is severely wounded.
The very large slime creature hits you!!!
You die...
Your body crumbles into a pile of gold.

########################
#######
........................
.......
#....................)..
......
#..#####...#####$.###..
#.... #..# #...# #@J#
#.... #.)# #...# #JJ#
#.... #))# #...# #..#
#.... #).# #...# #..#
#.... #..# #.[.# #..#
#.... #..# #...# #..#
#.... #..# #...# #..#
#...# #.... #..# #...#
#..# #...# #.... #..#
#)..# #...# #....


You could see a very large slime creature and 2 slime creatures.

Vanquished Creatures
  Gastronok (D:10)
  2 two-headed ogres
  Urug (D:12)
  An orc knight (Bailey)
  A deep elf pyromancer (D:10)
  Pikel (D:4)
  A manticore (D:11)
  2 cyclopes (D:11)
  2 unseen horrors
  A rime drake (D:9)
  A tengu conjurer (D:12)
  Prince Ribbit (D:8)
  A troll (D:11)
  A slime creature (D:12)
  A shadow (D:12)
  A vampire (D:9)
  A wyvern (D:10)
  8 yaks
  3 wraiths
  2 basilisks (D:12)
  2 water moccasins
  An acid dragon (D:12)
  5 ice beasts
  11 orc warriors
  A sky beast (D:7)
  4 ogres
  A centaur (D:7)
  2 wolves (D:9)
  2 kobold brigands
  A bullfrog (D:8)
  6 scorpions
  10 wights
  14 killer bees
  5 electric eels (D:11)
  7 howler monkeys
  2 gnoll boudas
  3 hounds
  2 jellies
  10 orc priests
  A sleepcap (D:6)
  4 iguanas
  23 orc wizards
  11 gnolls
  5 adders
  3 shadow imps
  2 white imps
  3 ufetubi
  A worm (D:4)
  3 dart slugs
  67 orcs
  9 endoplasms
  2 giant cockroaches
  6 goblins
  5 hobgoblins
  6 jackals
  2 quokkas
  7 ball pythons
  7 bats
  2 frilled lizards (D:2)
  27 kobolds
  10 rats
328 creatures vanquished.

Vanquished Creatures (collateral kills)
  A deep elf pyromancer (D:12)
1 creature vanquished.

Grand Total: 329 creatures vanquished

Notes
Turn   | Place    | Note
-------+----------+-------------------------------------------
     0 | D:1      | Adrian566 the Vampire Gladiator began the quest for the
                  | Orb.
     0 | D:1      | Reached XP level 1. HP: 16/16 MP: 1/1
    21 | D:1      | Reached XP level 2. HP: 11/22 MP: 2/2
   406 | D:1      | Reached skill level 1 in Stealth
   474 | D:1      | Gained mutation: You are afflicted with vampirism and can
                  | become a bat while bloodless. [Vampire growth]
   474 | D:1      | Reached XP level 3. HP: 24/27 MP: 3/3
  1845 | D:3      | Reached XP level 4. HP: 29/33 MP: 4/4
  2404 | D:4      | Reached skill level 1 in Armour
  2596 | D:4      | Reached XP level 5. HP: 34/38 MP: 5/5
  2723 | D:4      | Noticed Pikel
  2723 | D:4      | Noticed a lemure
  2723 | D:4      | Noticed a lemure
  2723 | D:4      | Noticed a lemure
  2737 | D:4      | Noticed an ogre
  2745 | D:4      | Killed an ogre
  2778 | D:4      | Reached XP level 6. HP: 39/44 MP: 6/6
  2818 | D:4      | Reached skill level 5 in Long Blades
  2992 | D:4      | Killed Pikel
  2993 | D:4      | Reached skill level 5 in Stealth
  2993 | D:4      | Reached XP level 7. HP: 22/51 MP: 7/7
  3701 | D:5      | Entered Level 5 of the Dungeon
  3910 | D:5      | Reached XP level 8. HP: 57/58 MP: 8/8
  3940 | D:5      | Found a staircase to the Ecumenical Temple.
  4014 | Temple   | Entered the Ecumenical Temple
  4317 | Temple   | Became a worshipper of Gozag Ym Sagoz the Greedy
  5354 | D:6      | Reached skill level 5 in Dodging
  5681 | D:6      | Reached XP level 9. HP: 31/65 MP: 9/9
  6058 | D:7      | Noticed Aneyh's ghost (novice TeFi)
  6323 | D:7      | Found a transporter.
  6407 | D:7      | Found a sparkling altar of Nemelex Xobeh.
  6448 | D:7      | Found a transporter.
  6585 | D:8      | Reached skill level 5 in Fighting
  6603 | D:8      | Noticed Prince Ribbit
  6628 | D:8      | Killed Prince Ribbit
  6629 | D:8      | Reached skill level 10 in Long Blades
  6629 | D:8      | Reached skill level 10 in Stealth
  7064 | D:8      | Reached XP level 10. HP: 66/74 MP: 10/10
  7679 | D:9      | Found a staircase to the Lair.
  7998 | D:9      | Reached skill level 1 in Shields
  8690 | D:9      | Gained mutation: Your body sometimes deteriorates upon
                  | taking damage. [potion of mutation]
  8690 | D:9      | Gained mutation: You sometimes lose your temper in combat.
                  | [potion of mutation]
  8690 | D:9      | Gained mutation: You are covered in fur. (AC +1) [potion of
                  | mutation]
  8691 | D:9      | Lost mutation: You sometimes lose your temper in combat.
                  | [potion of mutation]
  8691 | D:9      | Lost mutation: Your body sometimes deteriorates upon taking
                  | damage. [potion of mutation]
  8691 | D:9      | Gained mutation: Your flesh is cold resistant. (rC+)
                  | [potion of mutation]
  8691 | D:9      | Gained mutation: You occasionally lose the ability to drink
                  | potions when taking damage. [potion of mutation]
  8691 | D:9      | Gained mutation: You are strong-willed. (Will+) [potion of
                  | mutation]
  8713 | D:10     | Entered Level 10 of the Dungeon
  8829 | D:10     | Noticed a deep elf pyromancer
  8838 | D:10     | Killed a deep elf pyromancer
  8992 | D:10     | Found Nieshron's General Store.
  8995 | D:10     | Bought the +11 falchion "Jyjof" {freeze, *Rage Fly rElec
                  | rN++} for 1018 gold pieces
  8995 | D:10     | Bought a scroll of identify for 24 gold pieces
  8995 | D:10     | Bought a potion of mutation for 96 gold pieces
  8995 | D:10     | Bought a potion of mutation for 96 gold pieces
  8995 | D:10     | Lost mutation: You are strong-willed. (Will+) [potion of
                  | mutation]
  8995 | D:10     | Lost mutation: Your flesh is cold resistant. (rC+) [potion
                  | of mutation]
  8995 | D:10     | Gained mutation: You are frail. (-10% HP) [potion of
                  | mutation]
  8996 | D:10     | Lost mutation: You occasionally lose the ability to drink
                  | potions when taking damage. [potion of mutation]
  8996 | D:10     | Lost mutation: You are covered in fur. (AC +1) [potion of
                  | mutation]
  8996 | D:10     | Lost mutation: You are frail. (-10% HP) [potion of
                  | mutation]
  8996 | D:10     | Gained mutation: You are weak. (Str -2) [potion of
                  | mutation]
  8996 | D:10     | Gained mutation: You are partially covered in iridescent
                  | scales. (AC +2) [potion of mutation]
  8996 | D:10     | Gained mutation: You are somewhat resistant to further
                  | mutation. [potion of mutation]
  9017 | D:10     | Found a flagged portal.
  9057 | Bailey   | Entered a bailey
  9122 | Bailey   | Noticed an orc knight
  9147 | Bailey   | Killed an orc knight
  9148 | Bailey   | Reached XP level 11. HP: 36/83 MP: 11/11
  9784 | D:10     | Noticed Gastronok
  9803 | D:10     | Killed Gastronok
 10195 | D:11     | Found a staircase to the Orcish Mines.
 10197 | D:11     | Noticed a two-headed ogre
 10223 | D:11     | Killed a two-headed ogre
 10505 | D:11     | HP: 4/84 [troll (9)]
 10516 | D:11     | Noticed a two-headed ogre
 10614 | D:10     | Killed a two-headed ogre
 11635 | D:12     | Noticed a deep elf pyromancer
 11688 | D:12     | Killed a deep elf pyromancer
 12162 | D:12     | Noticed Urug
 12171 | D:12     | Killed Urug
 12172 | D:12     | Reached XP level 12. HP: 91/91 MP: 12/12
 12216 | D:12     | Slain by a very large slime creature

Illustrated notes

Levels and vault maps discovered:
D:1:      dpeg_arrival_boxorama, layout_loops_ring
D:2:      layout_basic, hangedman_abyss_or_decor_stabs,
          nicolae_figureground_sparkle
D:3:      layout_basic
D:4:      layout_basic, chequers_arboretum, kennysheep_generic_room_12,
          uniq_pikel
D:5:      layout_cave_pools, temple_pool_b, hangedman_abyss_or_decor_lesser_grid
D:6:      layout_cave_pods
D:7:      layout_basic, nemelex_spade_bored_becter, gammafunk_ghost_arena,
          hangedman_decor_points
D:8:      layout_loops_ring, skrybe_limestone_x, serial_park_tiny_pond,
          uniq_prince_ribbit1
D:9:      layout_basic, hellmonk_lair_entry_icy
D:10:     layout_grid_maze, enter_bailey_2, serial_shops,
          nicolae_shop_behind_doors, nicolae_nh_ransacked_shop, uniq_gastronok
D:11:     layout_basic, david_orc_5, serial_park_tiny_2
D:12:     layout_long_grid, uniq_urug
Temple:   roderic_octagonal_lattice_temple

Skill      XL: |  1  2  3  4  5  6  7  8  9 10 11 |
---------------+----------------------------------+-----
Stealth        | 1 2 3 5 6 8 10 11 13 | 13.7
Fighting       | 2 3 4 5 6 7 |  7.6
Long Blades    | 4 6 7 8 10 11 13 | 13.1
Armour         | 1 2 3 4 |  4.9
Dodging        | 4 5 6 7 |  7.3
Shields        | 1 2 |  2.6
Throwing       | |  1.7

Action                     |  1- 3 |  4- 6 |  7- 9 | 10-12 || total
---------------------------+-------+-------+-------+-------++-------
  Melee: Long sword        |   150 |   108 |   168 |       ||   426
         Bite              |     8 |    12 |    36 |    86 ||   142
         Punch             |       |     1 |     2 |     8 ||    11
         Scimitar          |       |       |   128 |   522 ||   650
         Falchion          |       |       |       |    26 ||    26
  Evoke: Wand              |       |       |     1 |       ||     1
         Phantom mirror    |       |       |       |     1 ||     1
    Use: Scroll            |       |     9 |     7 |    11 ||    27
         Potion            |       |       |       |    13 ||    13
   Stab: Sleeping          |     6 |     4 |    12 |     7 ||    29
         Distracted        |       |       |     1 |     3 ||     4
 Armour: Leather armour    |    39 |    49 |    89 |    81 ||   258
         Plate armour      |       |       |       |   133 ||   133
  Dodge: Dodged            |   120 |    83 |   257 |   210 ||   670
  Block: Other             |       |       |     3 |   109 ||   112
         Reflection        |       |       |       |     5 ||     5

Table legend: (Time is in decaauts)
 A = Elapsed time spent in this place.
 B = Non-inter-level travel time spent in this place.
 C = Inter-level travel time spent in this place.
 D = Time resting spent in this place.
 E = Time spent auto-exploring this place.
 F = Levels seen in this place.
 G = Mean time per level.
                   A        B        C        D        E       F      G
               +--------+--------+--------+--------+--------+-----+--------+
         Total |  12209 |  11574 |    635 |    629 |   8333 |  14 |  872.1 |
       Dungeon |  11472 |  10892 |    580 |    583 |   7920 |  12 |  956.0 |
        Temple |    321 |    266 |     55 |      0 |    243 |   1 |  321.0 |
        Bailey |    415 |    415 |      0 |     46 |    170 |   1 |  415.0 |
               +--------+--------+--------+--------+--------+-----+--------+

Top non-repeatable levels by time:
     D:4: 1348 daAuts
     D:9: 1229 daAuts
    D:11: 1192 daAuts
    D:10: 1156 daAuts
     D:6: 1115 daAuts
     D:8: 900 daAuts
     D:2: 860 daAuts
     D:1: 847 daAuts
     D:5: 840 daAuts
     D:3: 695 daAuts
    D:12: 691 daAuts
     D:7: 594 daAuts
  Bailey: 415 daAuts
  Temple: 321 daAuts
